 Dungeon Crawl Stone Soup version 0.20.1-1-g8b1a95d (webtiles) character file.

58 lorenzova the Conjurer (level 3, -1/19 HPs)
             Began as a Deep Elf Conjurer on Nov 6, 2017.
             Killed from afar by Doomgape's ghost (9 damage)
             ... with a magic dart
             ... on level 3 of the Dungeon.
             The game lasted 00:04:41 (2418 turns).

lorenzova the Conjurer (Deep Elf Conjurer)          Turns: 2418, Time: 00:04:42

Health: -1/19      AC:  3    Str:  5    XL:     3   Next: 76%
Magic:  3/10       EV: 13    Int: 22    God:
Gold:   84         SH:  0    Dex: 15    Spells: 7/10 levels left

rFire    . . .     SeeInvis .   j - +0 short sword
rCold    . . .     Gourm    .   (no shield)
rNeg     . . .     Faith    .   a - +0 robe
rPois    .         Spirit   .   r - +0 helmet (curse)
rElec    .         Reflect  .   (no cloak)
rCorr    .         Harm     .   (no gloves)
MR       .....                  (no boots)
Stlth    ++........             (no amulet)
Regen    0.1/turn               p - +2 ring of intelligence
MPRegen  0.2/turn               (no ring)

@: drained
A: no striking features
a: no special abilities


You were on level 3 of the Dungeon.
You were not hungry.

You visited 1 branch of the dungeon, and saw 3 of its levels.

You collected 84 gold pieces.

Inventory:

Hand Weapons
 j - a +0 short sword (weapon)
Armour
 a - a +0 robe (worn)
 r - a cursed +0 helmet (worn)
Jewellery
 p - a +2 ring of intelligence (left hand)
Scrolls
 d - a scroll of remove curse {unknown}
 h - a scroll of enchant armour {unknown}
 k - a scroll of magic mapping {unknown}
 o - 3 scrolls of immolation {unknown}
 q - a scroll of amnesia {unknown}
 t - a scroll of identify {unknown}
Potions
 e - a potion of resistance {unknown}
 f - a potion of heal wounds {unknown}
 g - a potion of might {unknown}
 i - a potion of agility {unknown}
 l - a potion of degeneration {unknown}
 m - a potion of mutation {unknown}
 s - a potion of curing {unknown}
Books
 b - a book of Conjurations

   Spells                             Type                      Level
   a - Magic Dart                     Conjuration                  1
   b - Searing Ray                    Conjuration                  2
   c - Dazzling Spray                 Conjuration/Hexes            3
   d - Fulminant Prism                Conjuration/Hexes            4
   e - Force Lance                    Conjuration/Translocation    4
   f - Iskenderun's Mystic Blast      Conjuration                  4
Comestibles
 c - a bread ration
 n - 6 fruits


   Skills:
 - Level 2.4(2.2) Dodging
 - Level 2.4(2.2) Stealth
 + Level 4.4(4.1) Spellcasting
 + Level 5.3(5.0) Conjurations


You had 7 spell levels left.
You knew the following spells:

 Your Spells              Type           Power        Failure   Level  Hunger
a - Magic Dart            Conj           ####         1%          1    None
b - Searing Ray           Conj           ####..       1%          2    #......


Dungeon Overview and Level Annotations

Branches:
Dungeon (3/15)

Altars:
Cheibriados
Yredelemnul

Annotations:
D:3 Doomgape's ghost, amateur DrCj


Message History

Doomgape's ghost is lightly damaged.
Doomgape's ghost screams, "I'll kill anyone who wants the ORB!"
Doomgape's ghost casts a spell at you. The magic dart hits you!
The searing ray misses Doomgape's ghost.
Doomgape's ghost barely misses you.
The searing ray hits Doomgape's ghost.
Doomgape's ghost is moderately damaged.
You finish channeling your searing ray.
Doomgape's ghost closely misses you.
Casting: Searing Ray
Confirm with . or Enter, or press ? or * to list all spells.
Aiming: Searing Ray
Press: ? - help, Shift-Dir - straight line, f/p - Doomgape's ghost
Aim: Doomgape's ghost, wielding a weapon of draining (moderately damaged)
The searing ray hits Doomgape's ghost.
Doomgape's ghost is heavily damaged. (Press . to maintain the ray.) Doomgape's ghost gestures at you while chanting.
The magic dart hits you!
You die...

# .# #. #. #. #.#.#
#.##### #.#(# # #.....#
#.#.#### .#####
#.###W###...... ......
#.....@.......# #......
####..........###....##
#.P.P.............#
#.._..##.#.###....##
#.P.P..........# ##.
#......#.####..# #.#
##.....#.# #..# ##.
#######.# #..###.# #.#
#.....##


You could see Doomgape's ghost.

Vanquished Creatures
  An ooze (D:2)
  2 dart slugs (D:1)
  A leopard gecko (D:1)
  5 bats
  3 giant cockroaches
  3 goblins (D:1)
  8 hobgoblins
  9 kobolds
  A quokka (D:2)
  A ball python (D:2)
  5 frilled lizards
  8 rats
47 creatures vanquished.

Notes
Turn   | Place    | Note
-------+----------+-------------------------------------------
     0 | D:1      | lorenzova the Deep Elf Conjurer began the quest for the Orb.
     0 | D:1      | Reached XP level 1. HP: 10/10 MP: 6/6
   110 | D:1      | Reached XP level 2. HP: 13/15 MP: 0/8
   114 | D:1      | Learned a level 2 spell: Searing Ray
   681 | D:1      | Reached skill level 5 in Conjurations
  1012 | D:1      | Reached XP level 3. HP: 17/19 MP: 4/10
  1793 | D:2      | Found a snail-covered altar of Cheibriados.
  2397 | D:3      | Found a basalt altar of Yredelemnul.
  2409 | D:3      | Noticed Doomgape's ghost (amateur DrCj)
  2418 | D:3      | Killed from afar by Doomgape's ghost

Skill      XL: |  1  2 |
---------------+-------+-----
Conjurations   | 5 |  5.3
Spellcasting   | 4 |  4.4
Dodging        | |  2.4
Stealth        | |  2.4

Action                   || total
-------------------------++-------
Melee: Short sword       ||     1
 Cast: Magic Dart        ||    80
       Searing Ray       ||     2
 Stab: Sleeping          ||     1
  Eat: Chunk             ||     4
Armor: Robe              ||     3
Dodge: Dodged            ||     6
